 Dungeon Crawl Stone Soup version 0.31-a0-263-ge8cad7f256 (webtiles) character file.

Game seed: 13984079188516711511

23 qw the Shooter (level 3, -1/21 HPs)
             Began as a Gargoyle Hexslinger on July 13, 2023.
             Slain by Natasha (6 damage)
             ... on level 1 of the Dungeon.
             The game lasted 00:00:22 (1102 turns).

qw the Shooter (Gargoyle Hexslinger)                Turns: 1102, Time: 00:00:22

Health: -1/21      AC:  8    Str:  8 (11) XL:     3   Next: 0%
Magic:  4/4        EV: 11    Int: 10 (13) God:
Gold:   62         SH:  0    Dex: 17 (18) Spells: 3/4 levels left

rFire   . . .        Y - +1 sling
rCold   . . .        (no shield)
rNeg    + . .        b - +2 leather armour of Lugonu's Displeasure {Dex+4}
rPois   inf          (no helmet)
rElec   +            (no cloak)
rCorr   .            (no gloves)
SInv    .            (no boots)
Will    .....        (no amulet)
Stlth   +            (no ring)
HPRegen 0.23/turn    (no ring)
MPRegen 0.09/turn

%: no passive effects
@: no status effects
A: sickness immunity, AC +3, negative energy resistance 1, electricity
resistance, torment resistance 1, petrification resistance
a: no special abilities


You were on level 1 of the Dungeon.
You visited 1 branch of the dungeon, and saw 2 of its levels.

You collected 62 gold pieces.


Innate Abilities, Weirdness & Mutations

You are immune to sickness and miasma.
Your stone body is resilient. (AC +3)
You are immune to poison.
You resist negative energy. (rN+)
You are resistant to electric shocks. (rElec)
You are resistant to unholy torment.
You are immune to petrification.


   Skills:
 + Level 1.9 Fighting
 - Level 3.0 Ranged Weapons
 - Level 1.5 Dodging
 - Level 1.0 Spellcasting
 - Level 2.6 Hexes


You had 3 spell levels left.
You knew the following spells:

 Your Spells              Type           Power      Damage    Failure   Level
a - Slow                  Hex            20%        N/A       17%         1

Your spell library contained the following spells:

 Spells                   Type           Power      Damage    Failure   Level
 Inner Flame              Hex/Fire       3%         N/A       65%         3
 Portal Projectile        Hex/Tloc       6%         N/A       65%         3
 Cause Fear               Hex            2%         N/A       86%         4

Inventory:

Hand Weapons
 Y - a +1 sling (weapon)
Armour
 b - the +2 leather armour of Lugonu's Displeasure (worn) {Dex+4}
   (You found it on level 2 of the Dungeon)

   Dex:       It affects your dexterity (+4).
Potions
 a - a potion of haste {unknown}
 c - a potion of mutation {unknown}

Dungeon Overview and Level Annotations

Branches:
Dungeon (2/15)

Altars:

Annotations:
D:1 Natasha


Message History

You climb downwards.
Level annotation: Natasha Natasha claws you.
Natasha misses you. The cerulean imp closely misses you.
There is a stone staircase leading up here.
1093 ||| STAIRDANCE The cerulean imp hits you but does no damage.
Natasha growls.
Natasha barely misses you. The cerulean imp barely misses you.
You climb upwards.
The cerulean imp disappears in a puff of smoke! x2
There is a stone staircase leading down here.
Things that are here:
a potion of degeneration; a +0 ring mail You shoot a sling bullet.
The sling bullet barely misses Natasha.
Natasha closely misses you.
You shoot a sling bullet.
The sling bullet closely misses Natasha.
Natasha stares at you and mumbles some strange words.
The magic dart hits you!
You shoot a sling bullet.
The sling bullet hits Natasha but does no damage.
Natasha claws you. Natasha barely misses you.
You shoot a sling bullet. The sling bullet hits Natasha!
Natasha is heavily wounded.
Natasha claws you but does no damage.
You shoot a sling bullet. The sling bullet barely misses Natasha.
Natasha claws you.
You shoot a sling bullet.
The sling bullet hits Natasha but does no damage.
Natasha is heavily wounded.
Natasha claws you.
Natasha wildly gestures.
Natasha's front paws start to glow.
Natasha completely misses you.
You shoot a sling bullet. The sling bullet barely misses Natasha.
Natasha misses you.
You shoot a sling bullet. The sling bullet hits Natasha.
Natasha is almost dead.
Natasha claws you.
You die...

#.# ##+## #.# #.#
#.######## #.#
#.#......# ##.##
#.#.####.###...####
#.#.# #.##.......#
#.#.# #.###..###.#
#.#h####.# ##.# #.#
#.@......####.###..
###...............#
#################


You could see Natasha.

Vanquished Creatures
  A worm (D:2)
  A dart slug (D:1)
  An orc (D:2)
  3 giant cockroaches
  2 goblins (D:1)
  A hobgoblin (D:1)
  2 ball pythons
  A bat (D:1)
  2 frilled lizards (D:1)
  2 kobolds
  2 rats
18 creatures vanquished.

Notes
Turn   | Place    | Note
-------+----------+-------------------------------------------
     0 | D:1      | qw the Gargoyle Hexslinger began the quest for the Orb.
     0 | D:1      | Reached XP level 1. HP: 12/12 MP: 2/2
     0 | D:1      | 0 ||| qw: Version: 0.3-a-52-g30416fa
     0 | D:1      | 0 ||| qw: Game counter: 7112
     0 | D:1      | 0 ||| qw: Melee chars always use a shield: true
     0 | D:1      | 0 ||| qw: God list: Okawaru
     0 | D:1      | 0 ||| qw: Allow faded altars: false
     0 | D:1      | 0 ||| qw: Do Orc after clearing Dungeon:15 true
     0 | D:1      | 0 ||| qw: Do second Lair branch before Depths: true
     0 | D:1      | 0 ||| qw: Lair rune preference: random
     0 | D:1      | 0 ||| qw: Goals: Normal
     0 | D:1      | 0 ||| PLANNING D:1-11
   301 | D:1      | Reached XP level 2. HP: 15/16 MP: 3/3
   756 | D:1      | Reached skill level 3 in Ranged Weapons
   805 | D:1      | 805 ||| UPGRADING to +0 leather armour.
   815 | D:1      | 815 ||| DROPPING +0 robe.
   816 | D:1      | 816 ||| UPGRADING to +0 ring mail.
   826 | D:1      | 826 ||| DROPPING +0 leather armour.
   827 | D:1      | 827 ||| READING scroll labelled ZEREOZ ORPHURYC.
   830 | D:1      | 830 ||| READING scroll labelled DUUCUATILEA.
   831 | D:1      | 831 ||| READING scroll labelled DEDUNL LIEPS.
   832 | D:1      | 832 ||| DROPPING scroll of poison.
   889 | D:2      | Found a faded altar of an unknown god.
   892 | D:2      | Identified the +2 leather armour of Lugonu's Displeasure
                  | {Dex+4}
   973 | D:2      | Reached XP level 3. HP: 21/21 MP: 4/4
  1011 | D:2      | Noticed Natasha
  1013 | D:2      | 1013 ||| FLEEEEING.
  1014 | D:2      | 1014 ||| FLEEEEING.
  1015 | D:2      | 1015 ||| FLEEEEING.
  1016 | D:2      | 1016 ||| FLEEEEING.
  1017 | D:2      | 1017 ||| FLEEEEING.
  1018 | D:2      | 1018 ||| STAIRDANCE
  1054 | D:1      | 1054 ||| UPGRADING to +2 leather armour of Lugonu's
                  | Displeasure {Dex+4}.
  1064 | D:1      | 1064 ||| DROPPING +0 ring mail.
  1065 | D:1      | 1065 ||| READING scroll labelled ENO ATUDGHUH RALLO.
  1066 | D:1      | 1066 ||| DRINKING 2 clear potions.
  1067 | D:1      | 1067 ||| DROPPING potion of degeneration.
  1072 | D:2      | 1072 ||| STAIRDANCE
  1093 | D:2      | 1093 ||| STAIRDANCE
  1100 | D:1      | HP: 5/21 [Natasha (2)]
  1102 | D:1      | Slain by Natasha

Levels and vault maps discovered:
D:1:      nzn_arrival_crosshair, layout_loops_corners
D:2:      layout_rooms, basic_ecumenical_altar, uniq_jessica, uniq_natasha,
          uniq_crazy_yiuf_cottage, uniq_terence

Skill      XL: |  1  2 |
---------------+-------+-----
Ranged Weapons | 3 |  3.0
Fighting       | |  1.9
Dodging        | |  1.5
Spellcasting   | |  1.0
Hexes          | |  2.6

Action                     || total
---------------------------++-------
   Fire: Sling             ||    61
    Use: Scroll            ||     4
         Potion            ||     1
 Armour: Robe              ||     4
         Ring mail         ||     1
         Leather armour    ||     2
  Dodge: Dodged            ||    23

Table legend:
 A = Non-vault XP
 B = Vault XP
 C = Vault XP percentage of total XP
 D = Non-vault monster count
 E = Vault monster count
 F = Vault count percentage of total count
                 A         B        C        D         E       F
            +---------+---------+-------+---------+---------+-------
      Total |      34 |       0 |   0.0 |      18 |       0 |   0.0
            +---------+---------+-------+---------+---------+-------
        D:1 |      20 |       0 |   0.0 |      12 |       0 |   0.0
        D:2 |      14 |       0 |   0.0 |       6 |       0 |   0.0
            +---------+---------+-------+---------+---------+-------
